[Event "Montenegro Festival Mix-01 2021"]
[Site "Podgorica"]
[Date "2021.03.19"]
[Round "1.4"]
[White "Kisic, Bozidar"]
[Black "Djukic, Nikola"]
[Result "1-0"]
[ECO "E71"]
[WhiteElo "2233"]
[BlackElo "2521"]
[Annotator "ChessBase"]
[PlyCount "141"]
[EventDate "2021.02.26"]
[EventType "swiss"]
[EventCountry "MNE"]
[SourceTitle "playchess.com"]
[Source "ChessBase"]
[SourceQuality "1"]
[TimeControl "40/5400+30:900+30"]

1. d4 Nf6 2. c4 g6 3. Nc3 Bg7 4. e4 d6 5. h3 O-O 6. Be3 c6 7. Bd3 e5 8. d5 Na6 9. Nge2 Nc5 10. Bc2 a5 11. g4 Bd7 12. Ng3 cxd5 13. exd5 a4 14. Qd2 Qa5 15. g5 Ne8 16. Nce4 Nxe4 17. Qxa5 Rxa5 18. Nxe4 Bf5 19. Kd2 f6 20. b4 Ra8 21. gxf6 Bxf6 22. c5 Bh4 23. Ke2 Nc7 24. Rad1 Nb5 25. Rd2 Rac8 26. Bd3 Nd4+ 27. Bxd4 Bxe4 28. Bxe4 exd4 29. c6 Bxf2 30. b5 Rce8 31. Kd3 Rf4 32. Re2 Be3 33. Bg2 b6 34. Rb1 Rf7 35. Rb4 Ra8 36. h4 Kg7 37. Rc4 Rc7 38. Rb4 Kh6 39. Rb1 a3 40. Bh3 Kh5 41. Be6 Rf8 42. Rg2 Rf4 43. Rb4 Rf1 44. Ra4 Rb1 45. Ra8 Rxb5 46. Rb8 Ra5 47. Rb7 Ra7 48. Rxb6 Re7 49. Rb8 Bf4 50. Rb1 Be5 51. Rb8 Bf6 52. Rb1 Bxh4 53. Rg4 g5 54. Rxd4 Kg6 55. Rdb4 h5 56. Rb7 Bf2 57. Rxe7 Rxe7 58. Bd7 Re3+ 59. Kd2 Re5 60. c7 Rxd5+ 61. Ke2 Rc5 62. c8=Q Rxc8 63. Bxc8 Bc5 64. Kf3 g4+ 65. Kf4 Bd4 66. Rb3 Be5+ 67. Ke4 Kg5 68. Rxa3 h4 69. Ke3 h3 70. Ra4 h2 71. Bb7 1-0

[Event "Montenegro Festival Mix-01 2021"]
[Site "Podgorica"]
[Date "2021.03.19"]
[Round "1.6"]
[White "Vujovic, Savo"]
[Black "Blagojevic, Dragisa"]
[Result "1-0"]
[ECO "D52"]
[WhiteElo "2187"]
[BlackElo "2489"]
[Annotator "ChessBase"]
[PlyCount "123"]
[EventDate "2021.02.26"]
[EventType "swiss"]
[EventCountry "MNE"]
[SourceTitle "playchess.com"]
[Source "ChessBase"]
[SourceQuality "1"]
[TimeControl "40/5400+30:900+30"]

1. d4 d5 2. c4 e6 3. Nf3 Nf6 4. Nc3 Nbd7 5. Bg5 c6 6. e3 Qa5 7. Nd2 dxc4 8. Bxf6 Nxf6 9. Nxc4 Qc7 10. Rc1 Be7 11. g3 O-O 12. Bg2 Rd8 13. O-O Nd5 14. a3 Bd7 15. b4 Be8 16. Qb3 a6 17. Rfd1 b6 18. Ne5 Qb7 19. Nxd5 cxd5 20. Rc3 Rdc8 21. Rdc1 Bd6 22. Nc4 Bf8 23. Qc2 Bd7 24. Qb2 f6 25. Nd2 Rxc3 26. Rxc3 Rc8 27. e4 Rxc3 28. Qxc3 Bc6 29. Qb3 Qd7 30. exd5 Bxd5 31. Bxd5 Qxd5 32. Qxd5 exd5 33. Nb1 a5 34. b5 Kf7 35. Kf1 Ke6 36. Ke2 h5 37. h3 Bd6 38. g4 hxg4 39. hxg4 Bf4 40. f3 Bc1 41. Kd3 Bb2 42. a4 f5 43. Nd2 Kf6 44. gxf5 Bc1 45. Nb1 Bb2 46. Nd2 Kxf5 47. Nf1 Kf4 48. Ne3 Kxf3 49. Nxd5 g5 50. Nxb6 g4 51. Nd5 g3 52. Ne3 Kf4 53. b6 Ba3 54. Nc4 g2 55. b7 Bd6 56. Nxd6 g1=Q 57. b8=Q Qf1+ 58. Kc2 Qf2+ 59. Kb3 Qf3+ 60. Ka2 Qg2+ 61. Ka3 Qf3+ 62. Qb3 1-0

[Event "Montenegro Festival Mix-01 2021"]
[Site "Podgorica"]
[Date "2021.03.19"]
[Round "1.7"]
[White "Nikcevic, Nebojsa"]
[Black "Pobor, Milo"]
[Result "1-0"]
[ECO "E91"]
[WhiteElo "2412"]
[BlackElo "2105"]
[Annotator "NA"]
[PlyCount "57"]
[EventDate "2021.02.26"]
[EventType "swiss"]
[EventCountry "MNE"]
[SourceTitle "playchess.com"]
[Source "ChessBase"]
[SourceQuality "1"]
[TimeControl "40/5400+30:900+30"]

1. d4 Nf6 2. c4 c5 3. Nf3 g6 4. Nc3 Bg7 5. e4 O-O 6. Be2 d6 7. O-O Nc6 8. d5 Nb8 9. Bf4 Na6 10. h3 Nc7 11. Re1 a6 12. a4 Rb8 13. e5 Nfe8 14. a5 b5 15. axb6 Rxb6 16. Qd2 Bd7 17. Ra2 dxe5 18. Nxe5 Nd6 19. Nxd7 Qxd7 20. Na4 Rbb8 21. Nxc5 Qd8 22. b3 Nf5 23. Qa5 Nd6 24. Bd1 Bd4 25. Be5 Bxe5 26. Rxe5 Nb7 27. Nxb7 Rxb7 28. Qa3 e6 29. d6 1-0

[Event "Montenegro Festival Mix-01 2021"]
[Site "Podgorica"]
[Date "2021.03.19"]
[Round "1.8"]
[White "Djurovic, Peko"]
[Black "Can, Isik"]
[Result "0-1"]
[ECO "B12"]
[WhiteElo "2062"]
[BlackElo "2380"]
[Annotator "RC"]
[PlyCount "56"]
[EventDate "2021.02.26"]
[EventType "swiss"]
[EventCountry "MNE"]
[SourceTitle "playchess.com"]
[Source "ChessBase"]
[SourceQuality "1"]
[TimeControl "40/5400+30:900+30"]

1. e4 c6 2. d4 d5 3. e5 Bf5 4. h4 h5 5. Bg5 Qb6 6. Bd3 Qxd4 7. Nf3 Qg4 8. O-O Bxd3 9. Qxd3 e6 10. Nbd2 Be7 11. c4 Bxg5 12. Nxg5 Ne7 13. cxd5 cxd5 14. Rac1 Nbc6 15. Ndf3 Ng6 16. Qb5 O-O 17. Qxb7 Ncxe5 18. Nxe5 Nxe5 19. Rc3 Qxh4 20. f4 Ng6 21. Rcf3 Rab8 22. Qxa7 Rxb2 23. Qe3 Qg4 24. Rg3 Qe2 25. Qxe2 Rxe2 26. f5 exf5 27. Rxf5 Rxa2 28. Rxd5 Nf4 0-1

[Event "Montenegro Festival Mix-01 2021"]
[Site "Podgorica"]
[Date "2021.03.20"]
[Round "2.3"]
[White "Kisic, Bozidar"]
[Black "Suleymanli, Aydin"]
[Result "0-1"]
[ECO "D00"]
[WhiteElo "2233"]
[BlackElo "2512"]
[Annotator "ChessBase"]
[PlyCount "60"]
[EventDate "2021.02.26"]
[EventType "swiss"]
[EventCountry "MNE"]
[SourceTitle "playchess.com"]
[Source "ChessBase"]
[SourceQuality "1"]
[TimeControl "40/5400+30:900+30"]

1. d4 d5 2. Bf4 Nf6 3. Nc3 a6 4. e3 b5 5. a3 e6 6. Nf3 c5 7. dxc5 Bxc5 8. Bd3 Bb7 9. Qe2 Nc6 10. e4 Nd4 11. Nxd4 Bxd4 12. e5 Nd7 13. O-O g5 14. Be3 Bxe5 15. Qh5 h6 16. f4 Bf6 17. Ne2 Qe7 18. a4 b4 19. c3 gxf4 20. Nxf4 bxc3 21. bxc3 Rg8 22. Bd4 e5 23. Rfe1 O-O-O 24. Bxa6 Bxa6 25. Nxd5 Qd6 26. Nxf6 Qxf6 27. Bxe5 Nxe5 28. Rxe5 Rxg2+ 29. Kxg2 Bb7+ 30. Kg3 Rd3+ 0-1

[Event "Montenegro Festival Mix-01 2021"]
[Site "Podgorica"]
[Date "2021.03.20"]
[Round "2.5"]
[White "Djukic, Nikola"]
[Black "Injac, Teodora"]
[Result "1-0"]
[ECO "B90"]
[WhiteElo "2521"]
[BlackElo "2319"]
[Annotator "ChessBase"]
[PlyCount "93"]
[EventDate "2021.02.26"]
[EventType "swiss"]
[EventCountry "MNE"]
[SourceTitle "playchess.com"]
[Source "ChessBase"]
[SourceQuality "1"]
[TimeControl "40/5400+30:900+30"]

1. e4 c5 2. Nf3 d6 3. d4 cxd4 4. Nxd4 Nf6 5. Nc3 a6 6. h3 e5 7. Nf3 Be7 8. Bc4 Be6 9. Qe2 O-O 10. Bg5 b5 11. Bb3 Nbd7 12. Rd1 Qc7 13. O-O Rac8 14. a3 Nb6 15. Bxf6 Bxf6 16. Rd3 Be7 17. Nh2 Qc5 18. Ng4 Bg5 19. Rb1 Nc4 20. Nh2 Qa7 21. Qh5 Bd8 22. Bxc4 Bxc4 23. Rxd6 Bb6 24. Rd2 Bd4 25. Nd1 Qb7 26. Qh4 Rc6 27. Ng4 f6 28. Nde3 Be6 29. c3 Bc5 30. Nf5 Bxf5 31. exf5 Rc7 32. Rbd1 Qc8 33. Qg3 Kh8 34. Qf3 Re7 35. Qe4 g6 36. Nxf6 gxf5 37. Qe2 e4 38. Nd7 Rg8 39. Nxc5 Qxc5 40. Rd5 Qc8 41. Qe3 Reg7 42. g3 Qc7 43. Kf1 Qc4+ 44. Kg2 Qc8 45. Qf4 Qc6 46. Kh2 Qb6 47. R1d4 1-0

[Event "Montenegro Festival Mix-01 2021"]
[Site "Podgorica"]
[Date "2021.03.20"]
[Round "2.7"]
[White "Tomic, Aleksandar"]
[Black "Pobor, Milo"]
[Result "1-0"]
[ECO "E70"]
[WhiteElo "2360"]
[BlackElo "2105"]
[Annotator "NA"]
[PlyCount "45"]
[EventDate "2021.02.26"]
[EventType "swiss"]
[EventCountry "MNE"]
[SourceTitle "playchess.com"]
[Source "ChessBase"]
[SourceQuality "1"]
[TimeControl "40/5400+30:900+30"]

1. d4 Nf6 2. c4 c5 3. d5 g6 4. Nc3 Bg7 5. e4 d6 6. Bd3 O-O 7. Nge2 e6 8. O-O exd5 9. exd5 Re8 10. h3 a6 11. a4 Nbd7 12. f4 Nh5 13. g4 Bxc3 14. bxc3 Ng7 15. Qe1 h5 16. Qg3 Nf6 17. f5 hxg4 18. hxg4 gxf5 19. gxf5 Nfh5 20. Qg2 f6 21. Bh6 Qe7 22. Ng3 Nxg3 23. Qxg3 1-0

[Event "Montenegro Festival Mix-01 2021"]
[Site "Podgorica"]
[Date "2021.03.20"]
[Round "3.6"]
[White "Vujovic, Savo"]
[Black "Tomic, Aleksandar"]
[Result "0-1"]
[ECO "B06"]
[WhiteElo "2187"]
[BlackElo "2360"]
[Annotator "NA"]
[PlyCount "74"]
[EventDate "2021.02.26"]
[EventType "swiss"]
[EventCountry "MNE"]
[SourceTitle "playchess.com"]
[Source "ChessBase"]
[SourceQuality "1"]
[TimeControl "40/5400+30:900+30"]

1. e4 d6 2. d4 g6 3. Nc3 Bg7 4. Be3 c6 5. Nf3 b5 6. a3 a6 7. Bd3 e5 8. O-O Bg4 9. dxe5 dxe5 10. h3 Bxf3 11. Qxf3 Nf6 12. a4 Nbd7 13. Na2 Qe7 14. c3 O-O 15. Rfd1 Qe6 16. Qe2 Rfb8 17. axb5 axb5 18. Nb4 Rc8 19. c4 Rxa1 20. Rxa1 Qd6 21. Bd2 bxc4 22. Bxc4 Qd4 23. Be3 Qxe4 24. Ra7 Rb8 25. Na6 Rd8 26. f3 Qb1+ 27. Kh2 e4 28. Nb4 exf3 29. gxf3 Ne5 30. Ba2 Qf5 31. f4 Bh6 32. fxe5 Qxe5+ 33. Kg2 Bxe3 34. Rxf7 Kh8 35. Rxf6 Rd2 36. Rf2 Qe4+ 37. Kg3 Bxf2+ 0-1

[Event "Montenegro Festival Mix-01 2021"]
[Site "Podgorica"]
[Date "2021.03.20"]
[Round "3.7"]
[White "Alivodic, Dario"]
[Black "Injac, Teodora"]
[Result "0-1"]
[ECO "E24"]
[WhiteElo "2189"]
[BlackElo "2319"]
[Annotator "NA"]
[PlyCount "72"]
[EventDate "2021.02.26"]
[EventType "swiss"]
[EventCountry "MNE"]
[SourceTitle "playchess.com"]
[Source "ChessBase"]
[SourceQuality "1"]
[TimeControl "40/5400+30:900+30"]

1. d4 Nf6 2. c4 e6 3. Nc3 Bb4 4. a3 Bxc3+ 5. bxc3 Nc6 6. f3 b6 7. e4 Na5 8. Bd3 Ba6 9. Qe2 c5 10. e5 Ng8 11. Be3 Rc8 12. Rc1 Ne7 13. d5 Nf5 14. Bf2 Qg5 15. f4 Qxf4 16. Rd1 Bxc4 17. Nf3 Bxd5 18. O-O Bxf3 19. gxf3 O-O 20. Kh1 Nc6 21. Rde1 f6 22. exf6 Rxf6 23. Rg1 Rh6 24. Rg2 Nce7 25. Reg1 Rh3 26. Be4 Rf8 27. Be1 Ng6 28. c4 Nd4 29. Qd3 Nxf3 30. Bg3 Rxg3 31. Rxg3 Nxg1 32. Rxg1 Ne5 33. Qe2 g6 34. Qc2 Ng4 35. Bxg6 Nf2+ 36. Kg2 Qf3+ 0-1

[Event "Montenegro Festival Mix-01 2021"]
[Site "Podgorica"]
[Date "2021.03.20"]
[Round "3.8"]
[White "Pobor, Milo"]
[Black "Djurovic, Peko"]
[Result "1/2-1/2"]
[ECO "C42"]
[WhiteElo "2105"]
[BlackElo "2062"]
[Annotator "NA"]
[PlyCount "25"]
[EventDate "2021.02.26"]
[EventType "swiss"]
[EventCountry "MNE"]
[SourceTitle "playchess.com"]
[Source "ChessBase"]
[SourceQuality "1"]
[TimeControl "40/5400+30:900+30"]

1. e4 e5 2. Nf3 Nf6 3. Nxe5 d6 4. Nf3 Nxe4 5. Nc3 Nxc3 6. dxc3 Be7 7. Be3 Nc6 8. Qd2 Be6 9. O-O-O Bf6 10. Kb1 a6 11. Nd4 Nxd4 12. Bxd4 Qe7 13. Be2 1/2-1/2

[Event "Montenegro Festival Mix-01 2021"]
[Site "Podgorica"]
[Date "2021.03.21"]
[Round "4.3"]
[White "Can, Isik"]
[Black "Sukovic, Andrej"]
[Result "1-0"]
[ECO "B96"]
[WhiteElo "2380"]
[BlackElo "2282"]
[Annotator "ChessBase"]
[PlyCount "117"]
[EventDate "2021.02.26"]
[EventType "swiss"]
[EventCountry "MNE"]
[SourceTitle "playchess.com"]
[Source "ChessBase"]
[SourceQuality "1"]
[TimeControl "40/5400+30:900+30"]

1. e4 c5 2. Nf3 d6 3. d4 cxd4 4. Nxd4 Nf6 5. Nc3 a6 6. Bg5 e6 7. f4 Bd7 8. Qf3 Nc6 9. O-O-O Nxd4 10. Rxd4 Qa5 11. Bc4 h6 12. Bxf6 gxf6 13. Bb3 O-O-O 14. Kb1 h5 15. f5 Be7 16. Ne2 Qe5 17. Rhd1 h4 18. Nf4 Rhg8 19. Rd5 exd5 20. Rxd5 Rxg2 21. a3 Rg1+ 22. Ka2 Rf1 23. Qxf1 Qxe4 24. Rd1 Bf8 25. Nd5 Kb8 26. Nxf6 Qxf5 27. Nxd7+ Qxd7 28. Bxf7 Bg7 29. Bc4 Qc6 30. Qd3 Qb6 31. c3 Be5 32. Rd2 Rf8 33. Bd5 Rf4 34. Rg2 Qc5 35. Rg8+ Ka7 36. Re8 Bf6 37. Rf8 Be5 38. Rd8 Bd4 39. Bxb7 Kxb7 40. Qh7+ Kc6 41. Rc8+ Kd5 42. Qb7+ Ke5 43. Rxc5+ Bxc5 44. Qxa6 Rf2 45. h3 Rf4 46. Qc6 Bf2 47. a4 d5 48. a5 Rf3 49. Qe8+ Kf4 50. Qe6 Rg3 51. a6 Rg2 52. Qd6+ Kf3 53. Qxd5+ Kg3 54. Qd7 Kh2 55. a7 Bxa7 56. Qxa7 Kxh3 57. c4 Kh2 58. c5 h3 59. c6 1-0

[Event "Montenegro Festival Mix-01 2021"]
[Site "Podgorica"]
[Date "2021.03.21"]
[Round "4.5"]
[White "Injac, Teodora"]
[Black "Nikcevic, Nebojsa"]
[Result "1-0"]
[ECO "E04"]
[WhiteElo "2319"]
[BlackElo "2412"]
[Annotator "ChessBase"]
[PlyCount "51"]
[EventDate "2021.02.26"]
[EventType "swiss"]
[EventCountry "MNE"]
[SourceTitle "playchess.com"]
[Source "ChessBase"]
[SourceQuality "1"]
[TimeControl "40/5400+30:900+30"]

1. d4 Nf6 2. c4 e6 3. Nf3 d5 4. g3 dxc4 5. Bg2 Nc6 6. O-O Rb8 7. e3 b5 8. b3 cxb3 9. axb3 a6 10. Qe2 Bb7 11. Bd2 Bd6 12. Rc1 Ne7 13. Ne1 c6 14. Nd3 Nd7 15. Nc3 Bc7 16. Ne4 a5 17. f4 O-O 18. Ne5 Nxe5 19. fxe5 Ra8 20. Qh5 Bc8 21. Rf1 Ng6 22. Ng5 h6 23. Nxf7 Rxf7 24. Rxf7 Kxf7 25. Rf1+ Kg8 26. Qxg6 1-0

[Event "Montenegro Festival Mix-01 2021"]
[Site "Podgorica"]
[Date "2021.03.21"]
[Round "4.7"]
[White "Pobor, Milo"]
[Black "Kisic, Bozidar"]
[Result "0-1"]
[ECO "B15"]
[WhiteElo "2105"]
[BlackElo "2233"]
[Annotator "ChessBase"]
[PlyCount "86"]
[EventDate "2021.02.26"]
[EventType "swiss"]
[EventCountry "MNE"]
[SourceTitle "playchess.com"]
[Source "ChessBase"]
[SourceQuality "1"]
[TimeControl "40/5400+30:900+30"]

1. e4 g6 2. d4 c6 3. Nc3 Bg7 4. Be3 d5 5. e5 h5 6. Qd2 Nh6 7. Bxh6 Bxh6 8. f4 Qb6 9. Nf3 Bxf4 10. Qxf4 Qxb2 11. Kd2 Qxa1 12. Nxd5 Kd8 13. Nxe7 Be6 14. Qf6 Re8 15. Nxc6+ Kc7 16. Nb4 Nc6 17. Nxc6 bxc6 18. d5 cxd5 19. Ng5 Qd4+ 20. Bd3 Qb4+ 21. Kc1 Qe7 22. Rf1 Rab8 23. Nxe6+ fxe6 24. Qxg6 Qa3+ 25. Kd2 Qb4+ 26. Ke2 Qg4+ 27. Qxg4 hxg4 28. Rf7+ Kb6 29. Rg7 Rg8 30. Rd7 Rbd8 31. Re7 Rde8 32. Rd7 Rg5 33. Rd6+ Kc7 34. Ra6 Rxe5+ 35. Kf2 Kb7 36. Ra4 Rf8+ 37. Kg3 Re3+ 38. Kxg4 e5 39. Rb4+ Kc7 40. Bg6 Re2 41. g3 Rxh2 42. Rb5 Kc6 43. Ra5 e4 0-1

[Event "Montenegro Festival Mix-01 2021"]
[Site "Podgorica"]
[Date "2021.03.21"]
[Round "4.8"]
[White "Djurovic, Peko"]
[Black "Alivodic, Dario"]
[Result "1-0"]
[ECO "C18"]
[WhiteElo "2062"]
[BlackElo "2189"]
[Annotator "NA"]
[PlyCount "53"]
[EventDate "2021.02.26"]
[EventType "swiss"]
[EventCountry "MNE"]
[SourceTitle "playchess.com"]
[Source "ChessBase"]
[SourceQuality "1"]
[TimeControl "40/5400+30:900+30"]

1. e4 e6 2. d4 d5 3. Nc3 Bb4 4. e5 c5 5. a3 Bxc3+ 6. bxc3 Ne7 7. Qg4 cxd4 8. Bd3 (8. Qxg7 $11 Rg8 9. Qxh7) 8... Qc7 ({Black should play} 8... Qa5 $15 9. Ne2 O-O) 9. Ne2 dxc3 10. Qxg7 Rg8 11. Qxh7 Qxe5 $14 12. h4 Rxg2 13. Bg5 Nd7 14. Kf1 Nf8 15. Qh6 Rh2 16. Rxh2 Qxh2 17. Ng3 Qh3+ 18. Kg1 e5 19. Qh8 Be6 20. Qxe5 Neg6 21. Qc7 a6 22. Re1 Nh7 23. Bf5 Nxg5 24. hxg5 Qh8 25. Rxe6+ Kf8 26. Bxg6 fxg6 27. Qe7+ 1-0

[Event "Montenegro Festival Mix-01 2021"]
[Site "Podgorica"]
[Date "2021.03.21"]
[Round "5.6"]
[White "Nikcevic, Nebojsa"]
[Black "Sukovic, Andrej"]
[Result "1-0"]
[ECO "E99"]
[WhiteElo "2412"]
[BlackElo "2282"]
[Annotator "ChessBase"]
[PlyCount "69"]
[EventDate "2021.02.26"]
[EventType "swiss"]
[EventCountry "MNE"]
[SourceTitle "playchess.com"]
[Source "ChessBase"]
[SourceQuality "1"]
[TimeControl "40/5400+30:900+30"]

1. d4 Nf6 2. c4 g6 3. Nc3 Bg7 4. e4 d6 5. Nf3 O-O 6. Be2 e5 7. O-O Nc6 8. d5 Ne7 9. Ne1 Nd7 10. Nd3 f5 11. f3 c6 12. Be3 Nb6 13. Qb3 f4 14. Bf2 c5 15. Nb5 Rf6 16. Nxd6 Rxd6 17. Bxc5 Rd7 18. a4 Rc7 19. a5 Rxc5 20. axb6 Nc6 21. Nxc5 Nd4 22. Qd3 Qxb6 23. b4 Qxb4 24. Na4 Bd7 25. Rfb1 Qa5 26. Nb6 Qc5 27. Nxd7 Nxe2+ 28. Kh1 Qe7 29. Qxe2 Qxd7 30. c5 Bf8 31. Qb5 Qxb5 32. Rxb5 a6 33. d6 Kf7 34. Rxb7+ Ke6 35. Ra5 1-0

[Event "Montenegro Festival Mix-01 2021"]
[Site "Podgorica"]
[Date "2021.03.21"]
[Round "5.7"]
[White "Vujovic, Savo"]
[Black "Djurovic, Peko"]
[Result "1/2-1/2"]
[ECO "A38"]
[WhiteElo "2187"]
[BlackElo "2062"]
[Annotator "ChessBase"]
[PlyCount "20"]
[EventDate "2021.02.26"]
[EventType "swiss"]
[EventCountry "MNE"]
[SourceTitle "playchess.com"]
[Source "ChessBase"]
[SourceQuality "1"]
[TimeControl "40/5400+30:900+30"]

1. Nf3 g6 2. c4 Bg7 3. d4 c5 4. Nc3 cxd4 5. Nxd4 Nc6 6. Nc2 Nf6 7. g3 O-O 8. Bg2 d6 9. O-O Be6 10. Ne3 Qd7 1/2-1/2

[Event "Montenegro Festival Mix-01 2021"]
[Site "Podgorica"]
[Date "2021.03.21"]
[Round "5.8"]
[White "Alivodic, Dario"]
[Black "Pobor, Milo"]
[Result "1-0"]
[ECO "E83"]
[WhiteElo "2189"]
[BlackElo "2105"]
[Annotator "ChessBase"]
[PlyCount "71"]
[EventDate "2021.02.26"]
[EventType "swiss"]
[EventCountry "MNE"]
[SourceTitle "playchess.com"]
[Source "ChessBase"]
[SourceQuality "1"]
[TimeControl "40/5400+30:900+30"]

1. d4 Nf6 2. c4 g6 3. Nc3 Bg7 4. e4 d6 5. Nge2 O-O 6. f3 a6 7. Be3 Nc6 8. Qd2 Na5 9. Ng3 b5 10. Bh6 Nxc4 11. Bxc4 bxc4 12. O-O-O Kh8 13. h4 Rg8 14. Bxg7+ Rxg7 15. h5 c6 16. hxg6 fxg6 17. Rh6 Rb8 18. Rdh1 Qb6 19. Nge2 e5 20. dxe5 Ng8 21. exd6 Nxh6 22. Rxh6 Bd7 23. Nd4 Qc5 24. Nc2 Re8 25. Rh1 Kg8 26. Rd1 Be6 27. Qe3 Qa5 28. Nd4 Bd7 29. f4 g5 30. g3 gxf4 31. gxf4 c5 32. Nde2 Rb8 33. f5 Qb4 34. Rd2 a5 35. Nd5 Qa4 36. Nec3 1-0

[Event "Montenegro Festival Mix-01 2021"]
[Site "Podgorica"]
[Date "2021.03.24"]
[Round "8.1"]
[White "Sanal, Vahap"]
[Black "Blagojevic, Dragisa"]
[Result "1-0"]
[ECO "C96"]
[WhiteElo "2571"]
[BlackElo "2489"]
[Annotator "RC"]
[PlyCount "137"]
[EventDate "2021.02.26"]
[EventType "swiss"]
[EventCountry "MNE"]
[SourceTitle "playchess.com"]
[Source "ChessBase"]
[SourceQuality "1"]
[TimeControl "40/5400+30:900+30"]

1. e4 e5 2. Nf3 Nc6 3. Bb5 a6 4. Ba4 Nf6 5. O-O Be7 6. Re1 b5 7. Bb3 d6 8. c3 O-O 9. h3 Na5 10. Bc2 c5 11. d4 Nd7 12. d5 Nb6 13. b3 f5 14. exf5 Bxf5 15. Bxf5 Rxf5 16. Na3 Qd7 17. Re4 Raf8 18. c4 Rxf3 19. gxf3 Qxh3 20. Qf1 Qxf3 21. Qe2 Qh3 22. Qg4 Qc3 23. Rb1 Rf6 24. Re3 Qd4 25. Qxd4 cxd4 26. Rg3 bxc4 27. bxc4 Nd7 28. Bd2 Bd8 29. Rb4 Nc5 30. Rb8 Nab7 31. Rb3 Nxb3 32. axb3 Rf7 33. c5 dxc5 34. Nc4 Rd7 35. d6 h6 36. Nxe5 Rxd6 37. Rxb7 Rd5 38. Nd3 Bg5 39. Be1 Rd6 40. Ba5 Rc6 41. Ne5 Re6 42. Rb8+ Kh7 43. Nd3 Rc6 44. Ne5 Re6 45. Nd7 Rc6 46. Nf8+ Kg8 47. Ng6+ Kh7 48. Nf8+ Kg8 49. Ne6+ Kf7 50. Nxg5+ hxg5 51. Rb7+ Ke6 52. Rxg7 Kf5 53. Kf1 c4 54. bxc4 Rxc4 55. Bd2 Ke4 56. Ke2 d3+ 57. Ke1 Ra4 58. Re7+ Kf5 59. Be3 a5 60. Kd2 Ra3 61. Rd7 a4 62. Rd4 Ra1 63. Rxd3 g4 64. Rd5+ Ke6 65. Rg5 Rg1 66. Bf4 a3 67. Ra5 Ra1 68. Bg3 Kd7 69. Ra6 1-0

[Event "Montenegro Festival Mix-01 2021"]
[Site "Podgorica"]
[Date "2021.03.24"]
[Round "8.2"]
[White "Tomic, Aleksandar"]
[Black "Delchev, Aleksander"]
[Result "*"]
[ECO "D52"]
[WhiteElo "2360"]
[BlackElo "2526"]
[Annotator "RC"]
[PlyCount "31"]
[EventDate "2021.02.26"]
[EventType "swiss"]
[EventCountry "MNE"]
[SourceTitle "playchess.com"]
[Source "ChessBase"]
[SourceQuality "1"]
[TimeControl "40/5400+30:900+30"]

1. d4 Nf6 2. c4 e6 3. Nf3 d5 4. Nc3 c6 5. Bg5 Nbd7 6. e3 Qa5 7. cxd5 Nxd5 8. Qb3 Bb4 9. Rc1 h6 10. Bh4 c5 11. a3 Bxc3+ 12. bxc3 cxd4 13. exd4 O-O 14. Bg3 N7f6 15. Bd3 Nh5 16. O-O *

[Event "Montenegro Festival Mix-01 2021"]
[Site "Podgorica"]
[Date "2021.03.25"]
[Round "9.8"]
[White "Vujovic, Savo"]
[Black "Sukovic, Andrej"]
[Result "1/2-1/2"]
[ECO "E99"]
[WhiteElo "2187"]
[BlackElo "2282"]
[Annotator "RC"]
[PlyCount "96"]
[EventDate "2021.02.26"]
[EventType "swiss"]
[EventCountry "MNE"]
[SourceTitle "playchess.com"]
[Source "ChessBase"]
[SourceQuality "1"]
[TimeControl "40/5400+30:900+30"]

1. d4 Nf6 2. c4 g6 3. Nc3 Bg7 4. e4 d6 5. Nf3 O-O 6. Be2 e5 7. O-O Nc6 8. d5 Ne7 9. Ne1 Nd7 10. Be3 f5 11. f3 f4 12. Bf2 g5 13. Nb5 Nf6 14. Nxa7 Bd7 15. Nb5 g4 16. Nd3 Ng6 17. Qe1 gxf3 18. Bxf3 Ng4 19. Kh1 Kh8 20. Qe2 Qc8 21. a4 Bh6 22. Na7 Nxf2+ 23. Qxf2 Qd8 24. Nb5 Rg8 25. c5 Bf8 26. cxd6 Bxd6 27. Nc5 Bc8 28. Ne6 Bxe6 29. dxe6 Nh4 30. Rfd1 Qe7 31. Rac1 Rad8 32. Rg1 Nxf3 33. gxf3 Rxg1+ 34. Qxg1 Qxe6 35. Nxc7 Qh3 36. Nd5 Qxf3+ 37. Qg2 Qh5 38. Rg1 Qf7 39. b4 Be7 40. a5 Rf8 41. Qf3 Bd6 42. b5 Bc5 43. Rg5 Bd4 44. Qg4 f3 45. Rf5 f2 46. Rxf7 Rxf7 47. Qc8+ Kg7 48. Qg4+ Kh8 1/2-1/2